AoeStats
← Thorrado

Black Forest

509443073Analyzed
4v4 RM · 6d ago on Sep 26, 2026· 52m 36s· 8 players
Game mode
Random Map
Map size
Large (8 player)
Population
200
Speed
Normal
Resources
Standard
Victory
Conquest
Starting age
Dark Age
Ending age
Imperial Age
RankedLock teamsTeams togetherTeam positionsShared explorationLock speedFull tech treeHidden civsTurbo modeCheats
Victory
Defeat
🇱🇧 Turks · Lebanon
859
+15
🇱🇧 Britons · Lebanon
855
+16
🇱🇧 Wei · Lebanon
836
+16
🇱🇧 Spanish · Lebanon
804
+18
🇷🇺 Bohemians · Russia
870
-17
🇦🇷 Goths · Argentina
863
-17
🇲🇽 Turks · Mexico
858
-17
🇧🇷 Portuguese · Brazil
785
-14
***Lancelot***
0:44 Loom
17:24 Feudal Age
18:16 Double-Bit Axe
18:16 Horse Collar
21:07 Castle Age
20:06 Stone Mining
20:17 Gold Mining
22:26 Heavy Plow
23:00 Caravan
24:16 Stone Shaft Mining
25:33 Bloodlines
25:24 Husbandry
26:21 Wheelbarrow
26:13 Bow Saw
28:32 Hand Cart
28:55 Scale Barding Armor
32:34 Ballistics
32:37 Chain Barding Armor
37:04 Imperial Age
36:30 Forging
36:22 Padded Archer Armor
36:25 Murder Holes
36:59 Fortified Wall
37:02 Masonry
38:56 Conscription
39:27 Hoardings
38:49 Cavalier
41:01 Chemistry
40:39 Plate Barding Armor
41:57 Coinage
43:02 Iron Casting
43:49 Two-Man Saw
42:43 Elite Conquistador
45:47 Blast Furnace
45:04 Leather Archer Armor
45:47 Bombard Tower
45:23 Fletching
45:22 Town Watch
46:48 Paladin
AriboS - АрибоС
0:33 Loom
14:45 Feudal Age
29:48 Castle Age
27:53 Fishing Lines
28:34 Stone Mining
28:50 Gold Mining
29:58 Double-Bit Axe
31:16 Gillnets
31:22 Gillnets
31:27 Fletching
31:38 Padded Archer Armor
32:47 Bodkin Arrow
33:08 Leather Archer Armor
34:00 Fortified Wall
37:57 Imperial Age
36:20 Yeomen
37:46 Bow Saw
38:03 Caravan
38:58 Bracer
39:39 Elite Longbowman
42:02 Ballistics
41:53 Fortified Wall
42:17 Town Watch
43:39 Conscription
44:35 Chemistry
44:41 Gold Shaft Mining
45:48 Wheelbarrow
46:20 Ring Archer Armor
46:09 Masonry
50:55 Two-Man Saw
52:29 Hand Cart
52:17 Town Patrol
EL CARDINAL
2:05 Loom
14:19 Feudal Age
15:36 Wheelbarrow
14:44 Horse Collar
15:30 Double-Bit Axe
17:00 Stone Mining
17:01 Gold Mining
22:13 Castle Age
20:57 Gold Mining
21:10 Padded Archer Armor
21:01 Fletching
28:10 Bow Saw
30:51 Imperial Age
29:12 Leather Archer Armor
28:52 Bodkin Arrow
29:55 Bodkin Arrow
30:42 Heavy Plow
31:20 Gold Shaft Mining
31:10 Caravan
31:40 Coinage
32:24 Bow Saw
34:23 Conscription
35:11 Ballistics
34:32 Treadmill Crane
35:48 Bombard Tower
36:51 Arrowslits
37:03 Murder Holes
40:43 Bracer
41:13 Ring Archer Armor
41:51 Hand Cart
42:20 Fortified Wall
42:21 Masonry
43:47 Two-Man Saw
43:32 Artillery
43:28 Elite Janissary
44:43 Architecture
51:21 Coinage
Wanted Wolf
2:55 Loom
15:28 Feudal Age
16:04 Feudal Age
18:04 Double-Bit Axe
18:24 Horse Collar
21:15 Castle Age
19:53 Gold Mining
20:30 Stone Mining
22:48 Bow Saw
22:55 Heavy Plow
24:48 Wheelbarrow
27:51 Hand Cart
27:23 Town Watch
30:03 Bloodlines
33:15 Imperial Age
31:30 Bloodlines
31:21 Husbandry
31:57 Forging
31:53 Scale Barding Armor
33:56 Iron Casting
34:17 Chain Barding Armor
33:19 Heavy Hei Guang Cavalry
35:47 Blast Furnace
35:21 Conscription
36:27 Light Cavalry
36:59 Fletching
37:40 Ming Guang Armor
39:35 Gold Shaft Mining
39:33 Crop Rotation
38:32 Hussar
39:44 Caravan
41:41 Tuntian
42:17 Hoardings
50:11 Town Patrol
51:44 Scale Mail Armor
51:44 Padded Archer Armor
51:40 Bodkin Arrow
51:47 Squires
51:32 Arson
Thorrado
0:32 Loom
12:46 Feudal Age
15:25 Double-Bit Axe
15:22 Horse Collar
25:10 Castle Age
26:10 Wheelbarrow
26:21 Forging
26:19 Scale Barding Armor
26:05 Fletching
27:05 Stone Mining
27:05 Gold Mining
27:19 Heavy Plow
29:10 Circumnavigation
29:33 Bow Saw
32:38 Caravan
35:27 Imperial Age
33:50 Fortified Wall
33:36 Murder Holes
36:41 Chain Barding Armor
36:57 Iron Casting
36:18 Bodkin Arrow
36:25 Padded Archer Armor
37:03 Conscription
37:16 Hand Cart
37:52 Elite Organ Gun
38:47 Elite Skirmisher
39:33 Thumb Ring
40:52 Bloodlines
40:43 Husbandry
41:15 Bracer
40:50 Cavalier
40:53 Light Cavalry
43:30 Chemistry
44:07 Two-Man Saw
44:12 Crop Rotation
44:59 Blast Furnace
46:09 Plate Barding Armor
JUANITO_METEORO
9:45 Loom
11:34 Feudal Age
15:27 Town Watch
20:16 Castle Age
18:33 Horse Collar
19:13 Double-Bit Axe
24:04 Wheelbarrow
25:26 Gold Mining
28:57 Imperial Age
27:51 Bow Saw
28:43 Bloodlines
28:34 Husbandry
28:46 Forging
28:44 Scale Barding Armor
28:42 Murder Holes
39:01 Iron Casting
38:46 Chain Barding Armor
42:53 Heavy Camel Rider
46:19 Blast Furnace
45:58 Sanctity
Adment_Vk
0:47 Loom
13:21 Feudal Age
18:16 Castle Age
25:49 Double-Bit Axe
26:17 Horse Collar
27:28 Heavy Plow
28:50 Wheelbarrow
29:34 Hand Cart
32:43 Imperial Age
31:41 Chemistry
31:02 Ballistics
31:45 Bow Saw
34:28 Two-Man Saw
33:18 Pikeman
33:58 Squires
33:56 Halberdier
35:51 Houfnice
36:47 Cavalier
37:27 Husbandry
37:55 Light Cavalry
39:04 Arson
39:01 Elite Skirmisher
40:29 Fletching
40:45 Fishing Lines
41:40 Bodkin Arrow
41:46 Padded Archer Armor
42:15 Conscription
41:17 Elite Hussite Wagon
42:04 Caravan
43:00 Bracer
43:16 Leather Archer Armor
43:54 Hussite Reforms
49:00 Gillnets
51:04 Ring Archer Armor
52:24 Forging
52:14 Scale Mail Armor
(Terry-Fox)
0:46 Loom
13:02 Feudal Age
14:09 Fishing Lines
14:34 Double-Bit Axe
18:24 Horse Collar
23:00 Castle Age
23:39 Gold Mining
24:08 Bow Saw
24:03 Heavy Plow
25:46 Caravan
25:52 Scale Mail Armor
26:03 Forging
27:30 Fervor
30:50 Imperial Age
28:17 Stone Mining
28:50 Chain Mail Armor
29:20 Iron Casting
30:04 Squires
32:50 Blast Furnace
31:55 Man-at-Arms
34:11 Two-Man Saw
33:53 Crop Rotation
33:04 Long Swordsman
34:05 Two-Handed Swordsman
37:56 Anarchy
38:18 Conscription
38:12 Perfusion
37:34 Elite Huskarl
40:00 Pikeman
40:16 Halberdier
43:16 Champion
52:26 Medium Warships
53:30 Chemistry
Connection lost

Rejoining the realm…

Still unreachable

The connection could not be restored.

Session expired

The server has moved on; the page needs a fresh start.